AoeStats
← Hotsochu

Golden Pit

509290281Analyzed
1v1 RM · 5d ago on Sep 26, 2026· 30m 10s· 2 players
Game mode
Random Map
Map size
Tiny (2 player)
Population
200
Speed
Normal
Resources
Standard
Victory
Conquest
Starting age
Dark Age
Ending age
Imperial Age
RankedLock teamsTeams togetherTeam positionsShared explorationLock speedFull tech treeHidden civsTurbo modeCheats
Victory
Defeat
🇺🇸 Burgundians · United States
868
+15
🇫🇮 Vietnamese · Finland
841
-15
GG.YOU.WIN. :)
4:54 Loom
6:30 Loom
10:01 Horse Collar
12:34 Double-Bit Axe
14:53 Feudal Age
13:40 Gold Mining
16:29 Bow Saw
16:56 Gold Shaft Mining
16:24 Heavy Plow
20:20 Castle Age
21:06 Husbandry
22:46 Wheelbarrow
21:42 Cavalier
23:04 Scale Barding Armor
26:37 Hand Cart
28:21 Stone Mining
Hotsochu
9:52 Feudal Age
10:33 Double-Bit Axe
10:38 Horse Collar
10:57 Man-at-Arms
13:23 Scale Mail Armor
13:35 Forging
23:10 Castle Age
21:56 Arson
23:45 Stone Mining
23:46 Gold Mining
24:04 Squires
23:25 Pikeman
25:16 Iron Casting
25:34 Stone Shaft Mining
27:29 Loom
Connection lost

Rejoining the realm…

Still unreachable

The connection could not be restored.

Session expired

The server has moved on; the page needs a fresh start.